 Dungeon Crawl Stone Soup version 0.23.2-1-ga50397a (webtiles) character file.

Game seed: 6112663030126794013

9 Iscandelvey the Vexing (level 2, 19/21 HPs)
             Began as a Demonspawn Arcane Marksman on Apr 20, 2019.
             Quit the game on level 1 of the Dungeon.
             The game lasted 00:00:51 (364 turns).

Iscandelvey the Vexing (Demonspawn Arcane Marksman)  Turns: 364, Time: 00:00:52

Health: 19/21      AC:  2    Str: 10    XL:     2   Next: 3%
Magic:  3/3        EV: 12    Int: 14    God:
Gold:   10         SH:  0    Dex: 13    Spells: 2/3 levels left

rFire    . . .     SeeInvis .   g - +0 club
rCold    . . .     Gourm    .   (no shield)
rNeg     . . .     Faith    .   a - +0 robe
rPois    .         Spirit   .   (no helmet)
rElec    .         Reflect  .   (no cloak)
rCorr    .         Harm     .   (no gloves)
MR       .....                  (no boots)
Stlth    +.........             (no amulet)
HPRegen  0.07/turn              (no ring)
MPRegen  0.08/turn              (no ring)

@: no status effects
A: claws 1
a: no special abilities


You were on level 1 of the Dungeon.
You were not hungry.

You visited 1 branch of the dungeon, and saw 1 of its levels.

You collected 10 gold pieces.

Inventory:

Hand Weapons
 g - a +0 club (weapon)
Missiles
 d - 2 throwing nets
 h - 4 javelins (quivered)
Armour
 a - a +0 robe (worn)
Scrolls
 e - a scroll of enchant armour {unknown}
Potions
 b - a potion of mutation {unknown}
Comestibles
 c - a chunk of flesh
 f - a ration


   Skills:
 + Level 1.1 Fighting
 + Level 0.1 Maces & Flails
 + Level 1.7 Throwing
 + Level 2.0 Dodging
 + Level 0.3 Unarmed Combat
 + Level 1.0 Spellcasting
 + Level 3.2 Hexes


You had 2 spell levels left.
You knew the following spells:

 Your Spells              Type           Power        Failure   Level  Hunger
a - Corona                Hex            #......      7%          1    ##.....

Your spell library contained the following spells:

 Spells                   Type           Power        Failure   Level  Hunger
 Slow                     Hex            #.......     11%         2    ###....
 Inner Flame              Hex/Fire       #.......     38%         3    ####...
 Portal Projectile        Hex/Tloc       #.....       38%         3    ####...
 Cause Fear               Hex            #.........   56%         4    #####..
 Leda's Liquefaction      Hex/Erth       #.........   80%         4    #####..


Dungeon Overview and Level Annotations

Branches:
Dungeon (1/15)

Altars:


Innate Abilities, Weirdness & Mutations

You have sharp fingernails.


Message History

The bat barely misses you. x2
You hit the rat.
You kill the rat!
The bat completely misses you. The bat barely misses you.
The bat hits you but does no damage.
You miss the bat. The bat hits you but does no damage.
The bat barely misses you. The bat closely misses you.
You hit the bat but do no damage. The bat misses you.
No target in view!
The bat hits you.
You miss the bat. The bat hits you.
You miss the bat. The bat barely misses you. The bat completely misses you.
You hit the bat but do no damage. The bat completely misses you. x2
The bat hits you but does no damage.
You hit the bat.
You kill the bat!
You have reached level 2!
Your demonic ancestry asserts itself...
Your fingernails lengthen.
Are you sure you want to abandon this character and quit the game? (Confirm with "yes".)

##'#########
#.........
#.######## #.#
####+# #.### ##.
###.....## ....# ..
........# #.#.#
#.###. #.......#
#.#.#
.....####.......#
#...#
###.....@..(...#
#####
###.#...###....... #
.........##......# #
.####...........#...
#
...#.##..####.#....
# #.#........#.####.
# #....##.#.##.# #
#.##.#........#
##.......#######


There were no monsters in sight!

Vanquished Creatures
  A ball python (D:1)
  A bat (D:1)
  A giant cockroach (D:1)
  A hobgoblin (D:1)
  A frilled lizard (D:1)
  4 rats (D:1)
9 creatures vanquished.

Notes
Turn   | Place    | Note
-------+----------+-------------------------------------------
     0 | D:1      | Iscandelvey the Demonspawn Arcane Marksman began the quest
                  | for the Orb.
     0 | D:1      | Reached XP level 1. HP: 15/15 MP: 2/2
   363 | D:1      | Gained mutation: You have sharp fingernails. [demonic
                  | ancestry]
   363 | D:1      | Reached XP level 2. HP: 19/21 MP: 3/3
   364 | D:1      | Quit the game

Skill      XL: |  1 |
---------------+----+-----
Dodging        | 2 |  2.0
Fighting       | |  1.1
Maces & Flails | |  0.1
Throwing       | |  1.7
Unarmed Combat | |  0.3
Spellcasting   | |  1.0
Hexes          | |  3.2

Action                   || total
-------------------------++-------
Melee: Club              ||    20
       Unarmed           ||    17
Throw: Javelin           ||     5
Armor: Robe              ||     6
Dodge: Dodged            ||    37
